 Dungeon Crawl Stone Soup version 0.30-a0-586-g23e55c9e0a (webtiles) character file.

Game seed: 8827957988574842455

29 Dartaoz the Shooter (level 3, 0/31 HPs)
             Began as a Minotaur Hunter on Jan 2, 2023.
             Slain by a goblin
             ... wielding a +0 dagger of speed
             ... led by Robin
              (4 damage)
             ... on level 2 of the Dungeon.
             The game lasted 00:03:45 (896 turns).

Dartaoz the Shooter (Minotaur Hunter)                Turns: 896, Time: 00:03:46

Health: 0/31       AC:  5    Str: 17    XL:     3   Next: 1%
Magic:  2/2        EV: 11    Int:  6    God:
Gold:   57         SH:  0    Dex: 13    Spells: 2/2 levels left

rFire   . . .      SeeInvis .    a - +0 shortbow
rCold   . . .      Faith    .    (shield currently unavailable)
rNeg    . . .      Spirit   .    h - +0 ring mail
rPois   .          Reflect  .    (helmet restricted)
rElec   .          Harm     .    (no cloak)
rCorr   .          Rampage  .    (no gloves)
Will    .....                    (no boots)
Stlth   +                        (no amulet)
HPRegen 0.25/turn                (no ring)
MPRegen 0.08/turn                (no ring)

@: no status effects
A: horns 2, retaliatory headbutt
a: no special abilities


You were on level 2 of the Dungeon.
You visited 1 branch of the dungeon, and saw 2 of its levels.

You collected 57 gold pieces.

Inventory:

Hand Weapons
 a - a +0 shortbow (weapon)
Armour
 c - a +0 leather armour
 h - a +0 ring mail (worn)
Magical Staves
 g - a staff of conjuration
Scrolls
 b - a scroll of immolation
 d - a scroll of brand weapon {unknown}
 e - a scroll of vulnerability {unknown}
 f - a scroll of teleportation {unknown}
Potions
 i - a potion of attraction {unknown}


   Skills:
 + Level 3.0 Fighting
 + Level 4.6 Ranged Weapons
 + Level 1.0 Armour
 + Level 2.7 Dodging
 - Level 1.0 Stealth


You had 2 spell levels left.
You didn't know any spells.
Your spell library was empty.

Dungeon Overview and Level Annotations

Branches:
Dungeon (2/15)

Altars:

Annotations:
D:2 Robin


Innate Abilities, Weirdness & Mutations

You have a pair of horns on your head.
You reflexively headbutt those who attack you in melee.


Message History

Your experience leads to an increase in your attributes!
Increase (S)trength, (I)ntelligence, or (D)exterity?
You feel stronger. x2
Found 2 sedimented orange potions.
The goblin closely misses you.
Things that are here:
a +0 dagger; a goblin corpse Unknown command.
Unknown command.
You shoot an arrow. The arrow hits the goblin.
The goblin is moderately wounded.
The goblin hits you with a +0 dagger of speed.
You shoot an arrow. The arrow barely misses the goblin.
The arrow hits the hobgoblin but does no damage.
You hear a shout!
The goblin barely misses you.
The goblin hits you with a +0 dagger of speed.
You hear a shout!
You shoot an arrow.
The arrow hits the goblin but does no damage.
The goblin is moderately wounded.
The goblin hits you with a +0 dagger of speed. x2
* * * LOW HITPOINT WARNING * * *
Robin throws the goblin at you! The goblin attacks as you move away!
The goblin hits you with a +0 dagger of speed.
* * * LOW HITPOINT WARNING * * *
The hobgoblin hits you but does no damage.
A goblin comes into view. It is wielding a +0 dagger.
Robin hits you with a +0 club.
* * * LOW HITPOINT WARNING * * *
Things that are here:
a +0 dagger; a goblin corpse The hobgoblin shouts!
You hear a shout!
The hobgoblin hits you.
* * * LOW HITPOINT WARNING * * *
A giant cockroach comes into view.
The goblin attacks as you move away! The goblin hits you but does no damage.
The goblin attacks as you move away!
The goblin hits you with a +0 dagger of speed.
You die...

#.#..#.# #.#.... ... #
#.##..# #.###!##
#.##..##.#.#.#..
.######.##..##.#.#.#.#
.................<.). .
.######.##...#.#.#.. #.#
#.......#.#..#.#.#.# ..B#
#.......#....#.#@#.# ..gg
#.......#.##.#.#g#)#..####
#.......#.#......g.†...g..
#.......#.#..#.#.g##..####
#######)#.#..#.#..# .(#
#.# #..#.#.... ... #.#
#......###..##.
#.#.#......# #..#..#
#.#.#......# #..#.#


You could see Robin, a hobgoblin (strong) and a goblin (strong).

Vanquished Creatures
  5 ball pythons
  A bat (D:1)
  3 endoplasms
  2 giant cockroaches
  2 goblins
  2 hobgoblins (D:1)
  2 jackals (D:1)
  2 kobolds (D:1)
  2 quokkas (D:1)
  A frilled lizard (D:1)
  A rat (D:2)
23 creatures vanquished.

Notes
Turn   | Place    | Note
-------+----------+-------------------------------------------
     0 | D:1      | Dartaoz the Minotaur Hunter began the quest for the Orb.
     0 | D:1      | Reached XP level 1. HP: 18/18 MP: 0/0
    79 | D:1      | Reached skill level 1 in Stealth
   199 | D:1      | Reached XP level 2. HP: 25/25 MP: 1/1
   703 | D:2      | Reached skill level 1 in Armour
   884 | D:2      | Noticed Robin
   887 | D:2      | Reached XP level 3. HP: 23/31 MP: 2/2
   896 | D:2      | Slain by a goblin

Illustrated notes

Levels and vault maps discovered:
D:1:      mrwooster_arrival_arrow, layout_loops_ring
D:2:      layout_basic, uniq_natasha, uniq_robin

Skill      XL: |  1  2 |
---------------+-------+-----
Stealth        | 1 |  1.0
Armour         | 1 |  1.0
Fighting       | 3 |  3.0
Ranged Weapons | |  4.6
Dodging        | |  2.7

Action                   || total
-------------------------++-------
 Fire: Shortbow          ||    61
Armor: Leather armour    ||     4
       Ring mail         ||     4
Dodge: Dodged            ||    20

Table legend: (Time is in decaauts)
 A = Elapsed time spent in this place.
 B = Non-inter-level travel time spent in this place.
 C = Inter-level travel time spent in this place.
 D = Time resting spent in this place.
 E = Time spent auto-exploring this place.
 F = Levels seen in this place.
 G = Mean time per level.
                   A        B        C        D        E       F      G
               +--------+--------+--------+--------+--------+-----+--------+
         Total |    915 |    897 |     18 |     56 |    705 |   2 |  457.5 |
       Dungeon |    915 |    897 |     18 |     56 |    705 |   2 |  457.5 |
               +--------+--------+--------+--------+--------+-----+--------+

Top non-repeatable levels by time:
     D:1: 677 daAuts
     D:2: 237 daAuts
